 Dungeon Crawl Stone Soup version 0.18.1-48-g4cf74bf (webtiles) character file.

513622 nikopol the Phalangite (level 23, -17/336 (337) HPs)
             Began as a Minotaur Berserker on July 22, 2016.
             Was the Champion of Trog.
             Demolished by an azure jelly (38 damage)
             ... created by the Royal Jelly
             ... on level 5 of the Pits of Slime on July 23, 2016.
             The game lasted 05:06:48 (62534 turns).

nikopol the Phalangite (Minotaur Berserker)        Turns: 62534, Time: 05:06:49

HP:   -17/336 (337) AC: 36    Str: 26    XL:     23   Next: 97%
MP:   7/7           EV: 20    Int: 14    God:    Trog [******]
Gold: 4250          SH:  4    Dex: 17    Spells: 0 memorised, 22 levels left

rFire  + . .     SeeInvis +     a - +9 bardiche (antimagic)
rCold  . . .     Gourm    .     Z - +7 plate armour of the Present {rPois Stlth+}
rNeg   + . .     Faith    .     (shield currently unavailable)
rPois  +         Spirit   .     p - +2 hat {rF+}
rElec  .         Dismiss  .     D - +2 cloak {MR+}
rCorr  +         Reflect  +     Q - +2 pair of gloves {Dex+3}
SustAt .         Harm     .     Y - +2 pair of boots
MR     +++++                    J - amulet "Zefuer" {Reflect rN+ Int+4 SH+4 SInv}
Stlth  ..........               o - ring of resist corrosion
                                V - ring of Hemogot {+Fly rF- MR+ Int+7 Stlth+}

@: berserking, corroded, regenerating, very quick, almost entirely resistant to
hostile enchantments, extremely unstealthy
A: retaliatory headbutt, horns 2, blurry vision 1, clumsy 1, dopey 1, fire
resistance 1, screaming 2, weak 2
a: Berserk, Trog's Hand, Brothers in Arms, Burn Spellbooks, Renounce Religion,
Evoke Flight
}: 3/15 runes: serpentine, barnacled, silver


You were on level 5 of the Pits of Slime.
You worshipped Trog.
Trog was exalted by your worship.
You were not hungry.

You visited 8 branches of the dungeon, and saw 47 of its levels.
You visited 1 bazaar.
You also visited: Labyrinth, Ice Cave and Volcano.

You collected 5687 gold pieces.
You spent 1437 gold pieces at shops.

Inventory:

Hand Weapons
 a - a +9 antimagic bardiche (weapon)
 c - the +9 hand crossbow of the Endless March {speed, rElec rF+ rC-}
   (You found it on level 7 of the Dungeon)

   Attacks with this weapon are significantly faster.
   It protects you from fire.
   It makes you vulnerable to cold.
   It insulates you from electricity.
 x - a +7 halberd of protection
Missiles
 s - 1343 bolts (quivered)
Armour
 p - a +2 hat of fire resistance (worn)
 D - a +2 cloak of magic resistance (worn)
 Q - a +2 pair of gloves of dexterity (worn)
 Y - a +2 pair of boots (worn)
 Z - the +7 plate armour of the Present (worn) {rPois Stlth+}
   (You found it on level 3 of the Elven Halls)

   It protects you from poison.
   It makes you more stealthy.
Jewellery
 f - an uncursed ring of sustain attributes
 o - a ring of resist corrosion (right hand)
 u - a ring of the Octopus King {rN+ AC+1 EV+1 Str+1 Int+1 Dex+1}
   (You found it in a labyrinth)

   [ring of positive energy]

   It affects your AC (+1).
   It affects your evasion (+1).
   It affects your strength (+1).
   It affects your intelligence (+1).
   It affects your dexterity (+1).
   It protects you from negative energy.
 J - the amulet "Zefuer" (around neck) {Reflect rN+ Int+4 SH+4 SInv}
   (You took it off a siren on level 4 of the Shoals)

   [amulet of reflection]

   It shields you and reflects attacks.
   It affects your intelligence (+4).
   It protects you from negative energy.
   It lets you see invisible.
   It affects your SH (+4).
 P - the ring of Shaolin {EV+8}
   (You found it on level 1 of the Snake Pit)

   [ring of evasion]

   It affects your evasion (+8).
 V - the ring of Hemogot (left hand) {+Fly rF- MR+ Int+7 Stlth+}
   (You found it in an ice cave)

   [ring of stealth]

   It affects your intelligence (+7).
   It makes you vulnerable to fire.
   It affects your resistance to hostile enchantments.
   It lets you fly.
   It makes you more stealthy.
Wands
 b - a wand of digging (22/24)
 t - a wand of disintegration (21/24)
 v - a wand of teleportation (2/9)
 G - a wand of teleportation (4/9)
 S - a wand of heal wounds (6/9)
Scrolls
 h - a scroll of identify
 i - 9 scrolls of remove curse
 l - 7 scrolls of blinking
 r - 7 scrolls of fog
 y - 2 scrolls of enchant armour
 z - 3 scrolls of magic mapping
 E - 5 scrolls of fear
 K - 2 scrolls of recharging
 L - 10 scrolls of teleportation
 O - a scroll of holy word
 T - a scroll of silence
 W - 2 scrolls of summoning
Potions
 d - a potion of cure mutation
 e - 6 potions of might
 g - 10 potions of flight
 j - 5 potions of haste
 k - 7 potions of agility
 m - 15 potions of curing
 w - 5 potions of brilliance
 F - 5 potions of resistance
 R - a potion of cancellation
 U - 9 potions of heal wounds
Comestibles
 q - 20 meat rations
 A - 24 bread rations
 B - 15 royal jellies
 H - 7 slices of pizza
 X - 21 fruits


   Skills:
 + Level 22.9 Fighting
 * Level 26.9 Polearms
 - Level 18.0 Crossbows
 + Level 21.1 Armour
 + Level 19.8 Dodging


You had 22 spell levels left.
You didn't know any spells.

Dungeon Overview and Level Annotations

Branches:
Dungeon (15/15)            Temple (0/1) D:5            Lair (8/8) D:8
 Shoals (4/4) Lair:6        Snake (4/4) Lair:4        Slime (6/6) Lair:8
    Orc (2/2) D:9             Elf (3/3) Orc:2        Vaults (5/5) D:13
  Crypt (0/3) Vaults:3     Depths (0/5) D:15

Altars:
Cheibriados
Dithmenos
Elyvilon
Fedhas
Makhleb
Nemelex Xobeh
Qazlal
Ru
Sif Muna
Trog
Yredelemnul
Zin
The Shining One
Beogh

Shops:
D:4 }   D:6 =[*:(   Orc:2 [=(   Elf:3 *   Shoals:4 :   Snake:3 [   Vaults:1 :
Vaults:4 ?

Portals:
Trove: Elf:1 (give +5 ice dragon armour)

Annotations:
Slime:6 Royal Jelly


Innate Abilities, Weirdness & Mutations

You reflexively headbutt those who attack you in melee.
You have a pair of horns on your head.
Scrolls take you a little longer to read.
You are clumsy. (Dex -2)
You are dopey. (Int -2)
Your flesh is heat resistant.
You sometimes yell uncontrollably at your foes.
You are very weak. (Str -4)


Message History

The splash of acid hits you! You resist.
* * * LOW HITPOINT WARNING * * *
The acid burns!
You resist.
* * * LOW HITPOINT WARNING * * *
You slice the azure jelly!!
You kill the azure jelly!
That felt strangely unrewarding.
The azure jelly closely misses you.
The azure jelly hits you but does no damage. x2
The azure jelly hits you.
* * * LOW HITPOINT WARNING * * *
The azure jelly closely misses you. The azure jelly misses you.
The azure jelly hits you but does no damage.
The azure jelly misses you.
You slice the azure jelly!! You headbutt the azure jelly.
The azure jelly is heavily wounded.
You block the acid blob's attack. The azure jelly misses you.
The azure jelly hits you!
* * * LOW HITPOINT WARNING * * *
The azure jelly freezes you!!!
You die...

##.......(#.........#..##
##.......(.........#...##
###......................#.
##.#........................
#.....#.....................
##.#........................
##....................#....
##......JJJ....#....#.#...
###.....@J..............#
###..J.J...............
#...#.................
##.###..(........#....
#####.#........###... ##
##...(......## ###.
##.##.#(........## #
#................##
##..#..............#


You could see 2 acid blobs, 3 azure jellies and a death ooze.

Vanquished Creatures
  An ancient lich (Vaults:5)
  Margery (Vaults:5)
  A golden dragon (Vaults:5)
  2 tentacled monstrosities (Vaults:5)
  Rupert (Lair:5)
  2 titans (Vaults:5)
  Asterion (Snake:1)
  2 deep elf master archers (Elf:3)
  3 deep elf blademasters
  A quicksilver dragon (Vaults:5)
  The ghost of TBriggs11TB the Fighter, an adept DDFi of Pakellas (Shoals:4)
  2 krakens
  3 sphinxes (Vaults:5)
  Polyphemus (Shoals:2)
  12 acid blobs
  Kirke (Shoals:4)
  3 shadow dragons (Vaults:5)
  Ilsuiw (Shoals:4)
  Agnes (D:14)
  8 azure jellies
  A storm dragon (Vaults:5)
  2 tengu reavers (Vaults:5)
  3 fire giants
  Wiglaf (Vaults:3)
  Donald (Snake:1)
  9 greater nagas
  4 deep elf sorcerers
  21 vault wardens
  2 iron dragons (Vaults:5)
  Aizul (Snake:1)
  2 frost giants
  Maud (D:14)
  A deep elf elementalist (Vaults:5)
  3 war gargoyles (Vaults:5)
  11 stone giants
  11 ironheart preservers
  2 ghouls
  2 salamander stormcallers (Vaults:3)
  7 deep elf demonologists
  8 deep elf annihilators
  Snorg (Lair:8)
  5 deep elf death magi
  2 merfolk javelineers (Shoals:4)
  6 merfolk impalers
  3 ettins (Vaults:5)
  39 vault guards
  The ghost of Situis the Nimble, a journeyman DsBe of Trog (Elf:1)
  6 fire dragons
  2 death oozes
  12 great orbs of eyes
  3 deep elf high priests
  9 yaktaur captains
  Josephine (Lair:8)
  A minotaur (Lab)
  A rakshasa (Vaults:2)
  3 ice dragons
  18 naga warriors
  18 hydras
  12 anacondas
  Erica (Lair:1)
  Harold (Lair:3)
  11 centaur warriors
  8 merfolk avatars
  A catoblepas (Shoals:2)
  5 merfolk aquamancers
  The ghost of nikopol the Spear-Bearer, a novice MiBe of Trog (IceCv)
  11 ogre magi
  6 death knights
  A tengu warrior (D:15)
  An alligator (shapeshifter) (Vaults:5)
  2 satyrs (Shoals:3)
  A queen ant (Lair:5)
  A vampire mage (Vaults:3)
  4 deep troll earth magi
  17 death yaks
  25 dancing weapons
  4 orc high priests (Orc:2)
  3 hell knights (Vaults:5)
  8 shock serpents
  12 naga sharpshooters
  26 deep elf knights
  4 salamander mystics
  A fire crab (Vaults:2)
  A fire crab (shapeshifter) (Vaults:1)
  A sea snake (shapeshifter) (Vaults:1)
  4 wizards
  13 deep trolls
  3 unseen horrors
  2 giant orange brains
  8 sea snakes
  A wolf spider zombie (D:14)
  27 deep elf archers
  A shadow dragon zombie (Vaults:5)
  20 orc knights
  A lindwurm (Lair:8)
  9 hill giants
  11 harpies
  24 ironbrand convokers
  5 naga ritualists
  8 necromancers
  A frost giant zombie (Vaults:5)
  5 oklob plants
  6 orc sorcerers
  5 wolf spiders
  4 phantasmal warriors
  A salamander (shapeshifter) (Vaults:3)
  75 deep elf magi
  7 ugly things
  3 mana vipers (Snake:1)
  4 fauns (Shoals:3)
  10 griffons
  4 cyclopes
  12 manticores
  6 hornets
  8 shining eyes
  An elf zombie (Vaults:5)
  10 salamanders
  6 guardian serpents
  9 elephants
  18 naga magi
  An orc zombie (Vaults:2)
  11 sirens
  14 vault sentinels
  7 water nymphs
  30 black mambas
  5 eyes of devastation
  A torpor snail (Lair:8)
  An ice statue (IceCv)
  24 spiny frogs
  A gargoyle (D:13)
  A rime drake (shapeshifter) (Elf:1)
  44 yaktaurs
  A yaktaur (shapeshifter) (D:14)
  The ghost of atgrul the Firebug, a novice OpFE (D:5)
  4 kobold demonologists
  8 freezing wraiths
  10 komodo dragons
  5 rime drakes
  An efreet (D:15)
  2 tengu conjurers (D:15)
  A human skeleton (Vaults:5)
  A queen bee (Lair:1)
  A giant leech (Lair:8)
  8 trolls
  2 wind drakes
  14 polar bears
  A sphinx simulacrum (Vaults:1)
  A tengu simulacrum (Vaults:5)
  A wind drake (shapeshifter) (Vaults:1)
  116 slime creatures
  23 blink frogs
  22 merfolk
  18 two-headed ogres
  11 boulder beetles
  8 snapping turtles
  6 shadows
  An ettin skeleton (Vaults:5)
  A redback (shapeshifter) (Vaults:5)
  2 spriggans (shapeshifter) (Vaults:4)
  A vampire (D:13)
  4 air elementals
  A fire elemental (Elf:1)
  6 basilisks
  4 water elementals
  9 wyverns
  A hog (Shoals:4)
  42 yaks
  9 wraiths
  A golden eye (shapeshifter) (D:14)
  22 hippogriffs
  2 hungry ghosts
  6 golden eyes
  32 vampire mosquitoes
  A hippogriff (shapeshifter) (Vaults:2)
  3 human simulacra
  9 wargs
  2 yaktaur simulacra (Vaults:5)
  44 nagas
  3 mottled dragons
  A soldier ant (shapeshifter) (Vaults:2)
  12 soldier ants (Lair:5)
  A hell hound (Lair:8)
  14 porcupines
  A giant eyeball (Slime:4)
  16 water moccasins
  A hell hound (shapeshifter) (Vaults:4)
  A swamp drake (D:8)
  34 orc warriors
  6 eyes of draining
  5 ice beasts
  An ettin simulacrum (Vaults:2)
  5 sky beasts
  2 phantoms
  A tengu (shapeshifter) (Vaults:1)
  3 boggarts
  A wasp (D:12)
  38 centaurs
  45 ogres
  26 wolves
  An elf skeleton (Vaults:2)
  17 crocodiles
  5 big kobolds
  Blork the orc (D:5)
  A wyvern zombie (D:12)
  22 giant frogs
  A human zombie (Vaults:2)
  4 earth elementals
  6 scorpions
  29 killer bees
  A boulder beetle zombie (Vaults:2)
  16 wights
  10 howler monkeys
  An electric eel (Lair:1)
  3 giant frog zombies
  14 crimson imps
  4 giant frog skeletons
  21 orc priests
  5 hounds
  33 jellies
  35 orc wizards
  Crazy Yiuf (D:5)
  3 centaur skeletons
  9 iguanas
  A worker ant (shapeshifter) (Vaults:5)
  49 worker ants
  7 hell rats (Lair:5)
  32 sheep
  A hound zombie (D:10)
  10 adders
  5 gnolls
  A howler monkey skeleton (D:5)
  37 river rats
  8 shadow imps
  An ooze (D:5)
  4 adder skeletons
  2 adder zombies (D:7)
  2 worms
  2 dart slugs
  7 giant geckos
  93 orcs
  6 giant cockroaches
  2 gnoll zombies (D:6)
  9 hobgoblins
  18 jackals
  17 kobolds
  5 quokkas
  A ball python (D:2)
  11 bats
  5 giant newts
  16 goblins
  A jackal zombie (D:6)
  6 rats
  3 fungi
  6 plants
  5 tentacles
2215 creatures vanquished.

Vanquished Creatures (collateral kills)
  The ghost of Zapata the Axe Maniac, a veteran MiBe of Trog (Shoals:4)
  A greater naga (Snake:4)
  A vault warden (Vaults:4)
  A deep elf elementalist (Elf:3)
  2 deep elf demonologists (Elf:3)
  A deep elf annihilator (Elf:3)
  A merfolk impaler (Shoals:4)
  2 merfolk javelineers (Shoals:4)
  A deep elf death mage (Elf:3)
  A death ooze (Slime:6)
  A naga warrior (Snake:4)
  2 hydras (Lair:8)
  A dancing weapon (Elf:3)
  A fire crab (Lair:8)
  A deep elf archer (Elf:3)
  A phantasmal warrior (Vaults:4)
  A salamander (Snake:1)
  A griffon (Lair:8)
  3 manticores (Lair:8)
  2 sirens (Shoals:4)
  4 naga magi (Snake:4)
  A black mamba (Snake:4)
  3 merfolk (Shoals:4)
  A water elemental (Shoals:4)
  3 hippogriffs (Lair:8)
  A basilisk (Lair:8)
  4 nagas
  A crocodile (Lair:8)
44 creatures vanquished.

Vanquished Creatures (others)
  A stone giant (Vaults:3)
  A centaur warrior (Vaults:2)
  2 naga sharpshooters (Snake:4)
  2 deep elf knights
  A deep elf archer (Vaults:4)
  A black mamba (Snake:1)
  A yaktaur (Vaults:4)
  A komodo dragon (Lair:8)
  A water elemental (Shoals:2)
  A boggart (Elf:1)
  An ogre (Vaults:5)
  A centaur (Vaults:2)
  5 fungi (Lair:8)
  11 plants
  18 tentacles
  473 tentacle segments
521 creatures vanquished.

Grand Total: 2780 creatures vanquished

Notes
Turn   | Place    | Note
--------------------------------------------------------------
     0 | D:1      | nikopol the Minotaur Berserker began the quest for the Orb.
     0 | D:1      | Reached XP level 1. HP: 19/19 MP: 0/0
   290 | D:1      | Reached XP level 2. HP: 25/27 MP: 1/1
   758 | D:1      | Reached skill level 4 in Polearms
   780 | D:1      | Reached ** piety under Trog
  1116 | D:2      | Reached XP level 3. HP: 33/33 MP: 2/2
  1303 | D:2      | Found a bloodstained altar of Trog.
  1436 | D:2      | Found a blossoming altar of Fedhas.
  1470 | D:2      | Reached XP level 4. HP: 31/41 MP: 3/3
  2033 | D:3      | Reached *** piety under Trog
  2073 | D:3      | Reached XP level 5. HP: 43/47 MP: 4/4
  2126 | D:3      | Found a sparkling altar of Nemelex Xobeh.
  2491 | D:4      | Reached skill level 5 in Fighting
  2531 | D:4      | Reached skill level 5 in Polearms
  2578 | D:4      | Found a sacrificial altar of Ru.
  2590 | D:4      | Reached XP level 6. HP: 54/56 MP: 5/5
  2677 | D:4      | Found Ryedwat's Gadget Shop.
  2948 | D:4      | Found a burning altar of Makhleb.
  2953 | D:4      | Found a stormy altar of Qazlal.
  3056 | D:5      | Entered Level 5 of the Dungeon
  3076 | D:5      | Noticed atgrul's ghost (novice OpFE)
  3087 | D:5      | Killed atgrul's ghost
  3087 | D:5      | Reached XP level 7. HP: 62/62 MP: 6/6
  3136 | D:5      | Noticed Blork the orc
  3146 | D:5      | Killed Blork the orc
  3146 | D:5      | Reached skill level 5 in Armour
  3146 | D:5      | Reached skill level 5 in Dodging
  3315 | D:5      | Reached **** piety under Trog
  3458 | D:5      | Reached skill level 6 in Polearms
  4008 | D:5      | Found a staircase to the Ecumenical Temple.
  4106 | D:5      | Noticed Crazy Yiuf
  4109 | D:5      | Killed Crazy Yiuf
  4199 | D:5      | Reached XP level 8. HP: 56/71 MP: 7/7
  4791 | D:6      | Reached skill level 7 in Polearms
  4830 | D:6      | Found Yrete's Antique Armour Emporium.
  4849 | D:6      | Bought a pair of embroidered boots for 103 gold pieces
  4879 | D:6      | Gained mutation: Your flesh is heat resistant. [potion of beneficial mutation]
  4880 | D:6      | Gained mutation: You are robust (+10% HP). [potion of beneficial mutation]
  4927 | D:6      | Found Qeddaefoa's Book Boutique.
  5046 | D:6      | Found a basalt altar of Yredelemnul.
  5176 | D:6      | Found Couheg's Antique Weapon Shoppe.
  5188 | D:6      | Bought a runed halberd for 116 gold pieces
  5221 | D:6      | Found Atumn's Assorted Antiques.
  5281 | D:6      | Found Edoqin's Jewellery Emporium.
  5298 | D:7      | Found a snail-covered altar of Cheibriados.
  5594 | D:7      | Reached ***** piety under Trog
  5594 | D:7      | Reached XP level 9. HP: 89/89 MP: 8/8
  5646 | D:7      | Reached skill level 8 in Polearms
  5666 | D:7      | Got a twisted hand crossbow
  5667 | D:7      | Identified the +9 hand crossbow of the Endless March {speed, rElec rF+ rC-} (You found it on level 7 of the Dungeon)
  6144 | D:7      | Found a glowing silver altar of Zin.
  6145 | D:7      | Found a white marble altar of Elyvilon.
  6145 | D:7      | Found a glowing golden altar of the Shining One.
  6426 | D:7      | Reached skill level 1 in Crossbows
  7080 | D:8      | Reached skill level 9 in Polearms
  7104 | D:8      | Received a gift from Trog
  7167 | D:8      | Found a staircase to the Lair.
  7575 | D:8      | Received a gift from Trog
  7747 | Lair:1   | Entered Level 1 of the Lair of Beasts
  7754 | Lair:1   | Reached XP level 10. HP: 90/99 MP: 9/9
  7808 | Lair:1   | Noticed Erica
  7820 | Lair:1   | Killed Erica
  7820 | Lair:1   | Reached skill level 5 in Crossbows
  7914 | Lair:1   | Noticed a spiny frog
  7919 | Lair:1   | Killed a spiny frog
  8040 | Lair:1   | Reached skill level 10 in Polearms
  8091 | Lair:1   | Received a gift from Trog
  8761 | Lair:1   | Noticed a spiny frog
  8767 | Lair:1   | Killed a spiny frog
  8912 | Lair:1   | Noticed a spiny frog
  8919 | Lair:1   | Killed a spiny frog
  8944 | Lair:2   | Reached skill level 10 in Fighting
  8994 | Lair:2   | Noticed a spiny frog
  9003 | Lair:2   | Killed a spiny frog
  9003 | Lair:2   | Reached XP level 11. HP: 91/108 MP: 10/10
  9232 | Lair:2   | Found a labyrinth entrance.
  9242 | Lab      | Entered a labyrinth
  9663 | Lab      | Noticed a minotaur
  9669 | Lab      | Killed a minotaur
  9669 | Lab      | Reached skill level 11 in Polearms
  9720 | Lab      | Got a ring of the Octopus King
  9721 | Lab      | Got a slimy hand crossbow
  9721 | Lab      | Got a heavily runed chain mail
  9855 | Lair:2   | Identified the cursed +2 hand crossbow of the Silent Majority {venom, MR- Int+3 Stlth+} (You found it in a labyrinth)
  9866 | Lair:2   | Identified the +4 chain mail of the Storm King {rElec rF+ Int-3} (You found it in a labyrinth)
  9879 | Lair:2   | Identified a ring of the Octopus King {rN+ AC+1 EV+1 Str+1 Int+1 Dex+1} (You found it in a labyrinth)
 10290 | Lair:2   | Noticed a five-headed hydra
 10295 | Lair:2   | Killed a five-headed hydra
 10708 | Lair:3   | Received a gift from Trog
 10738 | Lair:3   | Noticed a death yak
 10753 | Lair:3   | Killed a death yak
 10825 | Lair:3   | Reached skill level 10 in Armour
 10857 | Lair:3   | Noticed Harold
 10875 | Lair:3   | Killed Harold
 11007 | Lair:3   | Reached skill level 12 in Polearms
 11541 | Lair:3   | Noticed an eight-headed hydra
 11553 | Lair:3   | Killed an eight-headed hydra
 11553 | Lair:3   | Reached XP level 12. HP: 66/118 MP: 11/11
 11782 | Lair:4   | Reached skill level 10 in Dodging
 11804 | Lair:4   | Found a dark tunnel.
 11810 | Volcano  | Entered a volcano
 11907 | Volcano  | Noticed an ogre mage
 11928 | Volcano  | Killed an ogre mage
 12040 | Lair:4   | Noticed a death yak
 12043 | Lair:4   | Noticed a death yak
 12043 | Lair:4   | Noticed a death yak
 12050 | Lair:4   | Killed a death yak
 12062 | Lair:4   | Killed a death yak
 12062 | Lair:4   | Reached skill level 10 in Crossbows
 12067 | Lair:4   | Killed a death yak
 12186 | Lair:4   | Noticed a four-headed hydra
 12201 | Lair:4   | Killed a four-headed hydra
 12201 | Lair:4   | Reached skill level 13 in Polearms
 12365 | Lair:4   | Found a staircase to the Snake Pit.
 12989 | Lair:5   | Received a gift from Trog
 13019 | Lair:5   | Noticed a seven-headed hydra
 13027 | Lair:5   | Killed a seven-headed hydra
 13114 | Lair:5   | Noticed a queen ant
 13132 | Lair:5   | Killed a queen ant
 13163 | Lair:5   | Reached XP level 13. HP: 81/127 MP: 12/12
 13657 | Lair:5   | Received a gift from Trog
 14144 | Lair:5   | Reached ****** piety under Trog
 14156 | Lair:5   | Reached skill level 14 in Polearms
 14359 | Lair:5   | Noticed Rupert
 14377 | Lair:5   | Killed Rupert
 15111 | Lair:6   | Found a staircase to the Shoals.
 15131 | Lair:6   | Received a gift from Trog
 15905 | Lair:7   | Identified a scroll of acquirement
 15908 | Lair:7   | Got a transparent cloak
 15919 | Lair:7   | Identified the +0 cloak of Xoutt {+Inv rElec} (You acquired it on level 7 of the Lair of Beasts)
 15980 | Lair:7   | Reached XP level 14. HP: 138/138 MP: 13/13
 16290 | Lair:7   | Reached skill level 15 in Polearms
 16541 | Lair:8   | Entered Level 8 of the Lair of Beasts
 16670 | Lair:8   | Received a gift from Trog
 17099 | Lair:8   | Received a gift from Trog
 17253 | Lair:8   | Noticed Josephine
 17258 | Lair:8   | Noticed Snorg
 17258 | Lair:8   | Killed Josephine
 17279 | Lair:8   | Killed Snorg
 17699 | Lair:8   | Reached skill level 16 in Polearms
 17837 | Lair:8   | Got a jewelled scale mail
 17859 | Lair:8   | Received a gift from Trog
 17967 | Lair:8   | Identified the cursed +1 scale mail "Saeteop" {rC+ rCorr} (You found it on level 8 of the Lair of Beasts)
 18137 | Lair:8   | Found a staircase to the Slime Pits.
 18342 | Lair:8   | Reached XP level 15. HP: 148/148 MP: 14/14
 19060 | D:9      | Found a staircase to the Orcish Mines.
 19162 | D:9      | Found a shadowy altar of Dithmenos.
 19628 | Orc:1    | Entered Level 1 of the Orcish Mines
 19633 | Orc:1    | Received a gift from Trog
 19878 | Orc:2    | Entered Level 2 of the Orcish Mines
 19895 | Orc:2    | Found a staircase to the Elven Halls.
 20340 | Orc:2    | Received a gift from Trog
 20488 | Orc:2    | Found Mesheis's Jewellery Shoppe.
 20488 | Orc:2    | Found Qynguoff's Antique Armour Shop.
 20626 | Orc:2    | Found Qenig's Antique Weapon Shop.
 20626 | Orc:2    | Found Arut's Armour Shoppe.
 21403 | Orc:2    | Bought a scorched chain mail for 313 gold pieces
 21414 | Orc:2    | Identified the cursed +1 chain mail of Agoraphobia {Str+5 Dex+4} (You bought it in a shop on level 2 of the Orcish Mines)
 21422 | Orc:2    | Bought a twisted arbalest for 294 gold pieces
 21423 | Orc:2    | Identified the +0 arbalest of Faleqeumno {elec, Int+4} (You bought it in a shop on level 2 of the Orcish Mines)
 21428 | Orc:2    | Bought a spiked scale mail for 297 gold pieces
 21440 | Orc:2    | Identified the +9 scale mail "Tyruilun" {MP+9 Slay+5} (You bought it in a shop on level 2 of the Orcish Mines)
 21578 | D:10     | Entered Level 10 of the Dungeon
 22364 | D:11     | Received a gift from Trog
 22382 | D:11     | Received a gift from Trog
 22401 | D:11     | Found a roughly hewn altar of Beogh.
 22966 | D:12     | Found a frozen archway.
 22970 | IceCv    | Entered an ice cave
 23162 | IceCv    | Received a gift from Trog
 23187 | IceCv    | Noticed nikopol's ghost (novice MiBe)
 23202 | IceCv    | Killed nikopol's ghost
 23383 | IceCv    | Received a gift from Trog
 23456 | IceCv    | Noticed a frost giant
 23491 | IceCv    | Killed a frost giant
 23568 | IceCv    | Got a faintly glowing bone ring
 23826 | D:12     | Identified the ring of Hemogot {+Fly rF- MR+ Int+7 Stlth+} (You found it in an ice cave)
 23936 | D:12     | Reached skill level 17 in Polearms
 24182 | D:12     | Reached skill level 15 in Crossbows
 24404 | D:12     | Found a deep blue altar of Sif Muna.
 24415 | D:12     | Received a gift from Trog
 25045 | D:13     | Reached XP level 16. HP: 100/161 MP: 15/15
 25146 | D:13     | Found a gate to the Vaults.
 25993 | D:14     | Received a gift from Trog
 26412 | D:14     | Noticed Agnes
 26421 | D:14     | Killed Agnes
 26612 | D:14     | Noticed Maud
 26624 | D:14     | Killed Maud
 26788 | D:15     | Entered Level 15 of the Dungeon
 26965 | D:15     | Reached skill level 15 in Fighting
 27104 | D:15     | Reached skill level 18 in Polearms
 27277 | D:15     | Found a staircase to the Depths.
 27816 | Snake:1  | Entered Level 1 of the Snake Pit
 28842 | Snake:1  | Noticed Asterion
 28860 | Snake:1  | Killed Asterion
 28863 | Snake:1  | Noticed Aizul
 28885 | Snake:1  | Killed Aizul
 29150 | Snake:1  | Received a gift from Trog
 29208 | Snake:1  | Noticed Donald
 29226 | Snake:1  | Killed Donald
 29595 | Snake:2  | Reached XP level 17. HP: 152/173 MP: 16/16
 29602 | Snake:2  | Received a gift from Trog
 30870 | Snake:3  | Reached skill level 15 in Armour
 30960 | Snake:3  | Found Muwkugue's Armour Boutique.
 31449 | Snake:4  | Entered Level 4 of the Snake Pit
 31762 | Snake:3  | Reached skill level 19 in Polearms
 31992 | Snake:4  | Received a gift from Trog
 32067 | Snake:4  | Received a gift from Trog
 33195 | Snake:4  | Received a gift from Trog
 33638 | Snake:4  | Reached XP level 18. HP: 138/187 MP: 17/17
 34261 | Snake:4  | Got a serpentine rune of Zot
 34747 | Elf:1    | Entered Level 1 of the Elven Halls
 34920 | Elf:1    | Noticed Situis's ghost (journeyman DsBe)
 34932 | Elf:1    | Killed Situis's ghost
 35076 | Elf:1    | Received a gift from Trog
 35330 | Elf:1    | Received a gift from Trog
 35343 | Elf:1    | Reached skill level 20 in Polearms
 35588 | Elf:1    | Received a gift from Trog
 35643 | Elf:1    | Found a portal to a secret trove of treasure.
 35876 | Elf:2    | Reached skill level 15 in Dodging
 36045 | Elf:2    | Got a brightly glowing cloak
 36056 | Elf:2    | Identified the +0 cloak of Broken Taboos {*Contam *Drain +Fly Stlth+} (You acquired it on level 2 of the Elven Halls)
 36075 | Elf:2    | Gained mutation: You are clumsy. (Dex -2) [mutagenic glow]
 36535 | Elf:2    | Got a pitted triple crossbow
 36536 | Elf:2    | Identified the +6 triple crossbow "Pytarahu" {venom, Dex+2} (You acquired it on level 2 of the Elven Halls)
 36573 | Elf:2    | Received a gift from Trog
 36711 | Elf:2    | Found a runed gate.
 36711 | Elf:2    | Found a runed gate.
 36713 | Elf:2    | Found a runed gate.
 36897 | Elf:2    | Received a gift from Trog
 37723 | Elf:3    | Entered Level 3 of the Elven Halls
 37954 | Elf:3    | Reached XP level 19. HP: 173/199 MP: 18/18
 37973 | Elf:3    | Received a gift from Trog
 38160 | Elf:3    | Reached skill level 21 in Polearms
 38167 | Elf:3    | Noticed a Brimstone Fiend
 38173 | Elf:3    | Noticed a Tzitzimitl
 38271 | Elf:3    | Found Ipnoos's General Store.
 38873 | Elf:3    | Got an uncursed crystal trident {pierce}
 38875 | Elf:3    | Identified the +4 trident "Dragonslayer" {pierce, +Inv rF+ rC- Int+4} (You took it off a deep elf archer on level 3 of the Elven Halls)
 39100 | Elf:3    | Got a steaming turquoise ring
 39323 | Elf:3    | Identified the ring "Roat" {rN+ Dex+3} (You took it off a deep elf blademaster on level 3 of the Elven Halls)
 39356 | Elf:3    | Received a gift from Trog
 39499 | Elf:3    | Got a polished great sword {slice}
 39500 | Elf:3    | Identified the +1 great sword "Xycol" {slice, -Tele *Confuse rPois rN+++} (You took it off a deep elf annihilator on level 3 of the Elven Halls)
 39676 | Elf:3    | Got a crude plate armour
 39702 | Elf:3    | Identified the +7 plate armour of the Present {rPois Stlth+} (You found it on level 3 of the Elven Halls)
 40107 | Shoals:1 | Entered Level 1 of the Shoals
 40855 | Shoals:2 | Found a flickering gateway to a bazaar.
 40864 | Bazaar   | Entered a bazaar
 40864 | Bazaar   | Found Rothruism's Antique Armour Shoppe.
 40864 | Bazaar   | Found Nuklacam's Antique Weapon Emporium.
 40868 | Bazaar   | Found Xunwum's Antique Weapon Shoppe.
 40882 | Bazaar   | Found Moup's Assorted Antiques.
 40900 | Bazaar   | Bought a spiked chain mail for 161 gold pieces
 40900 | Bazaar   | Bought a slimy scale mail for 153 gold pieces
 40932 | Shoals:2 | Identified the +2 scale mail of Kerirch {Regen+ Dex+4} (You bought it in a shop in a bazaar)
 40942 | Shoals:2 | Identified the +3 chain mail "Xatosops" {rElec Dex+4 Stlth+} (You bought it in a shop in a bazaar)
 40974 | Shoals:2 | Noticed Polyphemus
 40996 | Shoals:2 | Received a gift from Trog
 41017 | Shoals:2 | Killed Polyphemus
 41603 | Shoals:3 | Received a gift from Trog
 41625 | Shoals:3 | Got an ivory glaive {god gift}
 41628 | Shoals:3 | Identified the +7 glaive "Motac" {vamp, rN+} (Trog gifted it to you on level 3 of the Shoals)
 42347 | Shoals:4 | Entered Level 4 of the Shoals
 42530 | Shoals:4 | Noticed Ilsuiw
 42559 | Shoals:4 | Noticed TBriggs11TB's ghost (adept DDFi)
 42603 | Shoals:4 | Killed TBriggs11TB's ghost
 42995 | Shoals:4 | Killed Ilsuiw
 43129 | Shoals:4 | Reached skill level 22 in Polearms
 43138 | Shoals:4 | Received a gift from Trog
 43272 | Shoals:4 | Noticed Zapata's ghost (veteran MiBe)
 43319 | Shoals:4 | Killed Zapata's ghost
 43319 | Shoals:4 | Reached XP level 20. HP: 107/212 MP: 19/19
 43683 | Shoals:4 | Found Atiff's Book Shop.
 44309 | Shoals:4 | Got a barnacled rune of Zot
 44334 | Shoals:4 | Got a scintillating bone amulet
 44495 | Shoals:4 | Received a gift from Trog
 44507 | Shoals:4 | Identified the amulet "Zefuer" {Reflect rN+ Int+4 SH+4 SInv} (You took it off a siren on level 4 of the Shoals)
 44597 | Shoals:4 | Noticed Kirke
 44615 | Shoals:4 | Killed Kirke
 45124 | Vaults:1 | Entered Level 1 of the Vaults
 45583 | Vaults:1 | Found Eggin's Book Shop.
 45974 | Vaults:1 | Received a gift from Trog
 46095 | Vaults:1 | Reached skill level 23 in Polearms
 47075 | Vaults:2 | Received a gift from Trog
 47154 | Vaults:2 | Received a gift from Trog
 48114 | Vaults:2 | Reached XP level 21. HP: 223/223 MP: 20/20
 48774 | Vaults:3 | Received a gift from Trog
 49382 | Vaults:3 | Noticed Wiglaf
 49391 | Vaults:3 | Killed Wiglaf
 49658 | Vaults:3 | Found a staircase to the Crypt.
 50003 | Vaults:3 | Received a gift from Trog
 50060 | Vaults:4 | Reached skill level 24 in Polearms
 50779 | Vaults:4 | Received a gift from Trog
 51420 | Vaults:4 | Received a gift from Trog
 51704 | Vaults:4 | Found Rabbosh's Magic Scroll Shoppe.
 51998 | Vaults:4 | Received a gift from Trog
 52014 | Vaults:4 | Reached XP level 22. HP: 213/234 MP: 21/21
 52287 | Vaults:4 | Received a gift from Trog
 52436 | Vaults:5 | Entered Level 5 of the Vaults
 52616 | Vaults:5 | Received a gift from Trog
 53124 | Vaults:5 | Reached skill level 25 in Polearms
 53474 | Vaults:5 | Received a gift from Trog
 54026 | Vaults:5 | Noticed a golden dragon
 54042 | Vaults:5 | Killed a golden dragon
 54193 | Vaults:5 | Noticed Margery
 54213 | Vaults:5 | Killed Margery
 54362 | Vaults:5 | Noticed an ancient lich
 54371 | Vaults:5 | Killed an ancient lich
 54594 | Vaults:5 | Received a gift from Trog
 54875 | Vaults:5 | Reached XP level 23. HP: 245/245 MP: 22/22
 54963 | Vaults:5 | Received a gift from Trog
 55012 | Vaults:5 | Received a gift from Trog
 55411 | Vaults:5 | Reached skill level 26 in Polearms
 55599 | Vaults:5 | Got a silver rune of Zot
 55626 | Vaults:5 | Got a twisted ring mail
 55627 | Vaults:5 | Identified the +0 ring mail "Karimuurgh" {rN++ Regen+ MP-9 Int+10} (You found it on level 5 of the Vaults)
 56247 | Vaults:5 | Received a gift from Trog
 56922 | Slime:1  | Entered Level 1 of the Pits of Slime
 56992 | Slime:1  | Gained mutation: You are dopey. (Int -2) [a shining eye]
 56996 | Slime:1  | Received a gift from Trog
 57991 | Slime:3  | Received a gift from Trog
 58019 | Slime:2  | Gained mutation: You occasionally shout uncontrollably at your foes. [a shining eye]
 58315 | Slime:3  | Received a gift from Trog
 58787 | Slime:4  | Gained mutation: You are weak. (Str -2) [a shining eye]
 58789 | Slime:4  | Gained mutation: You are very weak. (Str -4) [a shining eye]
 58896 | Slime:3  | Gained mutation: You sometimes yell uncontrollably at your foes. [a shining eye]
 59476 | Slime:4  | Received a gift from Trog
 60858 | Slime:6  | Entered Level 6 of the Pits of Slime
 61015 | Slime:6  | Lost mutation: You are robust (+10% HP). [a shining eye]
 61022 | Slime:5  | Received a gift from Trog
 61032 | Slime:6  | Gained mutation: Scrolls take you a little longer to read. [a shining eye]
 61064 | Slime:6  | Noticed the Royal Jelly
 62534 | Slime:5  | Demolished by an azure jelly

Skill      XL: |  1  2  3  4  5  6  7  8  9 10 11 12 13 14 15 16 17 18 19 20 21 22 23 |
---------------+----------------------------------------------------------------------+-----
Fighting       | 4 5 6 8 10 11 12 13 14 15 17 18 20 21 22 | 22.9
Polearms       | 4 5 6 7 9 10 12 13 14 16 17 18 19 20 22 23 24 25 26 | 26.9
Armour         | 3 4 5 7 8 9 10 11 12 13 14 15 16 17 18 19 20 21 | 21.1
Dodging        | 3 4 5 7 8 9 10 11 12 13 14 15 16 17 18 19 | 19.8
Crossbows      | 4 7 9 11 12 14 15 16 17 18 | 18.0

Action                   |  1- 3 |  4- 6 |  7- 9 | 10-12 | 13-15 | 16-18 | 19-21 | 22-24 || total
-------------------------+-------+-------+-------+-------+-------+-------+-------+-------++-------
Melee: Spear             |   125 |   104 |     4 |       |       |       |       |       ||   233
       Headbutt          |    12 |    24 |    57 |    65 |   237 |   172 |   382 |   227 ||  1176
       Halberd           |       |    41 |   192 |   329 |   968 |   866 |  1363 |   605 ||  4364
       Trident           |       |       |    87 |       |       |       |       |       ||    87
       Bardiche          |       |       |       |       |       |       |   241 |   231 ||   472
       Hand crossbow     |       |       |       |       |       |       |     1 |       ||     1
 Fire: Hand crossbow     |       |       |    51 |   294 |   836 |  1009 |   978 |  1011 ||  4179
Invok: Berserk           |       |     2 |     2 |     2 |     9 |     4 |     7 |     2 ||    28
       Burn Spellbooks   |       |       |     3 |       |     4 |     1 |     6 |     4 ||    18
       Trog's Hand       |       |       |       |       |     2 |     3 |     5 |     1 ||    11
       Brothers in Arms  |       |       |       |       |     1 |     3 |     8 |     2 ||    14
Evoke: Wand              |       |       |       |     1 |       |       |     1 |       ||     2
  Use: Scroll            |       |       |     8 |    22 |    14 |    17 |    17 |     7 ||    85
       Potion            |       |       |     2 |       |       |     1 |     1 |       ||     4
 Stab: Sleeping          |     1 |     1 |     1 |       |       |       |       |       ||     3
       Paralysed         |       |     2 |       |       |       |       |       |       ||     2
       Distracted        |       |       |       |       |       |     1 |     3 |       ||     4
       Petrified         |       |       |       |       |       |       |     5 |       ||     5
  Eat: Chunk             |     2 |     5 |    16 |    16 |    47 |    31 |    51 |    15 ||   183
       Fruit             |       |     1 |       |       |       |       |     1 |       ||     2
       Bread ration      |       |       |     1 |       |       |       |       |       ||     1
       Beef jerky        |       |       |       |     1 |       |     8 |     1 |     7 ||    17
       Pizza             |       |       |       |       |     1 |       |     1 |     4 ||     6
       Royal jelly       |       |       |       |       |       |     1 |       |     1 ||     2
Armor: Animal skin       |     3 |       |       |       |       |       |       |       ||     3
       Leather armour    |    21 |    24 |    37 |       |       |       |       |       ||    82
       Ring mail         |       |       |    75 |    60 |       |   128 |       |       ||   263
       Chain mail        |       |       |       |   118 |   332 |       |       |       ||   450
       Scale mail        |       |       |       |       |   113 |   106 |    36 |       ||   255
       Plate armour      |       |       |       |       |       |       |   611 |   476 ||  1087
Dodge: Dodged            |    39 |    69 |   186 |   286 |   670 |   726 |  1175 |   580 ||  3731
Block: Other             |       |       |       |       |    39 |    63 |   211 |    99 ||   412
       Reflection        |       |       |       |       |     3 |    11 |    31 |    18 ||    63
